 Dungeon Crawl Stone Soup version 0.31.0-32-g396128a36d (webtiles) character file.

Game seed: 11089708365489683855

4489 maldita the Thaumaturge (level 10, -7/75 HPs)
             Began as a Deep Elf Summoner on Apr 10, 2024.
             Killed by an exploding blazeheart core (23 damage)
             ... on level 8 of the Dungeon.
             The game lasted 00:40:01 (9737 turns).

maldita the Thaumaturge (Deep Elf Summoner)         Turns: 9737, Time: 00:40:01

Health: -7/75      AC: 29    Str:  5    XL:     10   Next: 16%
Magic:  31/36      EV:  2    Int: 25    God:
Gold:   249        SH:  5    Dex: 15    Spells: 9/31 levels left

rFire   . . .        g - +8 trident (vamp)
rCold   . . .        (no shield)
rNeg    . . .        a - melded +0 robe
rPois   +            M - melded +1 hat
rElec   .            x - melded +0 cloak
rCorr   .            (gloves currently unavailable)
SInv    .            B - melded +0 pair of boots
Will    +....        w - amulet of reflection
Stlth   ++           L - ring of magical power
HPRegen 0.32/turn    n - +4 ring of protection
MPRegen 0.25/turn

%: reflection
@: tree-form, studying Axes
A: stationary, stasis, torment immunity, boosted hp
a: no special abilities


You were on level 8 of the Dungeon.
You were a tree.
You visited 2 branches of the dungeon, and saw 9 of its levels.

You collected 529 gold pieces.
You spent 280 gold pieces at shops.

Inventory:

Hand Weapons
 g - a +8 vampiric trident (weapon)
 y - a +2 whip of venom
Missiles
 c - 9 throwing nets
Armour
 a - a +0 robe (melded)
 x - a +0 cloak (melded)
 B - a +0 pair of boots (melded)
 M - a +1 hat (melded)
Jewellery
 h - a ring of protection from cold
 m - a ring of protection from fire
 n - a +4 ring of protection (right branch)
 w - an amulet of reflection (around neck)
 L - a ring of magical power (left branch)
 O - a +5 ring of evasion
Talismans
 j - a flux talisman
Wands
 l - a wand of flame (39)
 J - a wand of paralysis (5)
Scrolls
 e - 2 scrolls of fear
 p - 3 scrolls of teleportation
 q - a scroll of noise {unknown}
 s - a scroll of butterflies {unknown}
 t - a scroll of brand weapon {unknown}
 u - a scroll of fog {unknown}
 v - a scroll of vulnerability {unknown}
 C - 2 scrolls of revelation {unknown}
 F - a scroll of enchant armour {unknown}
 G - 2 scrolls of blinking
 H - a scroll of torment {unknown}
 I - a scroll of enchant weapon {unknown}
 N - a scroll of poison {unknown}
Potions
 b - a potion of magic
 d - a potion of mutation {unknown}
 f - a potion of cancellation
 i - 3 potions of curing
 k - a potion of lignification
 o - a potion of invisibility {unknown}
 r - a potion of ambrosia {unknown}
 z - a potion of heal wounds {unknown}
 A - a potion of attraction {unknown}
 D - a potion of might {unknown}
 E - 2 potions of enlightenment
 K - a potion of degeneration {unknown}


   Skills:
 - Level 3.0 Dodging
 - Level 2.4 Stealth
 + Level 11.1 Spellcasting
 - Level 11.0 Summonings
 - Level 5.0 Necromancy
 - Level 5.0 Fire Magic
 - Level 5.0 Air Magic


You had 9 spell levels left.
You knew the following spells:

 Your Spells              Type           Power      Damage    Failure   Level
a - Summon Small Mammal   Summ           100%       N/A       1%          1
b - Call Imp              Summ           100%       N/A       1%          2
c - Call Canine Familiar  Summ           62%        N/A       1%          3
d - Summon Blazeheart Go  Fire/Summ      52%        N/A       1%          4
e - Summon Lightning Spi  Summ/Air       52%        N/A       1%          4
f - Animate Dead          Necr           38%        N/A       5%          4
g - Dispel Undead         Necr           38%        3d16      5%          4

Your spell library contained the following spells:

 Spells                   Type           Power      Damage    Failure   Level
 Necrotise                Necr           100%       1d9       1%          1
 Scorch                   Fire           76%        2d8       1%          2
 Apportation              Tloc           26%        N/A       4%          1
 Sting                    Conj/Alch      52%        1d6       4%          1
 Inner Flame              Hex/Fire       26%        N/A       4%          3
 Volatile Blastmotes      Fire/Tloc      52%        2d14      4%          3
 Summon Cactus Giant      Summ           31%        N/A       8%          6
 Flame Wave               Conj/Fire      26%        2d8       16%         4
 Fulminant Prism          Conj/Alch      6%         3d7       41%         4
 Iskenderun's Mystic Bla  Conj/Tloc      13%        2d5       41%         4
 Irradiate                Conj/Alch      6%         3d13      77%         5
 Ignition                 Fire           19%        3d7       100%        8


Dungeon Overview and Level Annotations

Branches:
Dungeon (8/15) Zot: 26683  Temple (1/1) D:5 Zot: 5990
   Lair: D:8-11

Altars:
Ashenzari
Cheibriados
Dithmenos
Elyvilon
Fedhas
Gozag
Qazlal
Ru
Trog
Uskayaw
Vehumet
Wu Jian
Xom
Yredelemnul

Shops:
D:1 (   D:4 (   D:5 *   D:6 :

Annotations:
D:5 2 runed translucent doors, kougar's ghost, novice HOFi


Message History

Maggie practices a pose.
You block Maggie's attack.
Your blazeheart golem punches Maggie!!
Maggie hits you from afar with a +0 halberd of flaming!
* * * LOW HITPOINT WARNING * * *
Maggie burns you.
* * * LOW HITPOINT WARNING * * *
Press: ? - help, v - describe, . - travel
Here: Maggie, wielding a +0 halberd of flaming and wearing +0 acid dragon scales (moderately wounded, mesmerising, ally target)
The floor, spattered with blood.
Unknown command.
Okay, then.
Okay, then.
Okay, then.
Okay, then.
You block Maggie's attack.
Your blazeheart golem punches Maggie!!
Your blazeheart golem falls apart, revealing its core!
You cannot move away from Maggie!
Unknown command.
You cannot move away from Maggie!
Unknown command.
Okay, then.
Blink to where?
Press: ? - help, Dir - move target You cannot blink away from Maggie!
Blink to where?
Press: ? - help, Dir - move target, f - you
Okay, then.
Okay, then.
You cannot move away from Maggie!
Unknown command.
You turn into a tree.
Your +0 cloak melds into your body.
Your +1 hat melds into your body.
Your +0 pair of boots melds into your body.
Your +0 robe melds into your body.
Your roots penetrate the ground.
Your blazeheart core explodes!
The fiery explosion engulfs Maggie!!
You break out of your daze!
You kill Maggie!
The fiery explosion engulfs you!!
You die...

.##.#########
....z☼☼♣....#
###.#######.#
#.# #># #.#
####.# ##.##.#
####...#.######
+...............


You could see a wight.

Vanquished Creatures
  Maggie (D:8)
  A scorpion (D:6)
  Dowan (D:5)
  2 wights (D:8)
  2 killer bees (D:7)
  A hound (D:5)
  2 orc priests
  2 gnoll boudas (D:5)
  A sleepcap (D:6)
  An orc wizard (D:7)
  6 gnolls
  An adder (D:3)
  2 white imps
  2 ufetubi (D:5)
  An orc (D:8)
  A ball python (D:2)
  A goblin (D:2)
  A hobgoblin (D:3)
  A jackal (D:5)
  2 rats
32 creatures vanquished.

Vanquished Creatures (collateral kills)
  Gastronok (D:8)
  Edmund (D:6)
  Duvessa (D:5)
  3 water moccasins
  3 black bears (D:6)
  A sky beast (D:6)
  A centaur (D:7)
  A phantom (D:5)
  3 bullfrogs
  4 gnoll sergeants (D:5)
  A scorpion (D:4)
  2 wights (D:8)
  3 killer bees (D:7)
  A nameless horror (D:5)
  9 hounds
  A gnoll bouda (D:5)
  An orc priest (D:6)
  3 iguanas
  Natasha (thrice) (D:3)
  5 orc wizards
  Robin (D:2)
  4 adders
  25 gnolls
  2 ufetubi (D:5)
  4 dart slugs
  A ribbon worm (D:3)
  33 orcs
  A bat (D:3)
  4 endoplasms
  2 giant cockroaches (D:1)
  7 goblins
  9 hobgoblins
  10 jackals
  2 kobolds (D:1)
  2 quokkas
  10 ball pythons
  A frilled lizard (D:1)
  5 rats
171 creatures vanquished.

Vanquished Creatures (others)
  A wight (D:8)
  9 blazeheart cores
10 creatures vanquished.

Grand Total: 213 creatures vanquished

Notes
Turn   | Place    | Note
-------+----------+-------------------------------------------
     0 | D:1      | maldita the Deep Elf Summoner began the quest for the Orb.
     0 | D:1      | Reached XP level 1. HP: 10/10 MP: 6/6
   212 | D:1      | Reached XP level 2. HP: 15/15 MP: 4/8
   215 | D:1      | Learned a level 2 spell: Call Imp
   256 | D:1      | Reached skill level 5 in Summonings
   760 | D:1      | Found Pexzagh's Antique Weapon Emporium.
  1021 | D:2      | Reached XP level 3. HP: 10/19 MP: 4/9
  1076 | D:2      | Noticed Robin
  1137 | D:2      | Killed Robin
  1340 | D:2      | Reached XP level 4. HP: 21/24 MP: 5/10
  1344 | D:2      | Learned a level 3 spell: Call Canine Familiar
  1678 | D:3      | Found a stormy altar of Qazlal.
  1850 | D:3      | Noticed Natasha
  1861 | D:3      | Killed Natasha
  1933 | D:3      | Noticed Natasha
  1945 | D:3      | Killed Natasha
  1946 | D:3      | Reached XP level 5. HP: 23/28 MP: 5/12
  2441 | D:3      | Noticed Natasha
  2454 | D:3      | Killed Natasha
  2460 | D:3      | Learned a level 4 spell: Summon Blazeheart Golem
  2952 | D:3      | Identified the +2 ring mail of the Demonic God {Str-2
                  | Dex+5}
  3028 | D:4      | Reached skill level 1 in Fire Magic
  3150 | D:4      | Found Odghann's Antique Weapon Boutique.
  3250 | D:4      | Reached XP level 6. HP: 32/32 MP: 3/13
  4751 | D:5      | Entered Level 5 of the Dungeon
  4751 | D:5      | Found Xiuleklo's Mass Market.
  4835 | D:5      | Found a runed translucent door.
  4837 | D:5      | Noticed kougar's ghost (novice HOFi)
  4959 | D:5      | Reached XP level 7. HP: 31/36 MP: 0/15
  5124 | D:5      | Reached skill level 5 in Spellcasting
  5325 | D:5      | Reached skill level 5 in Fire Magic
  5662 | D:5      | Reached XP level 8. HP: 41/41 MP: 14/19
  5966 | D:5      | Noticed Duvessa
  5966 | D:5      | Noticed Dowan
  5978 | D:5      | Killed Duvessa
  5985 | D:5      | Killed Dowan
  6095 | D:5      | Found a hide-covered altar of Uskayaw.
  6098 | D:5      | Found a runed translucent door.
  6255 | D:5      | Found a staircase to the Ecumenical Temple.
  6351 | D:5      | Learned a level 4 spell: Summon Lightning Spire
  6505 | D:5      | Reached skill level 1 in Air Magic
  6588 | D:5      | Found a shimmering altar of Xom.
  7054 | Temple   | Entered the Ecumenical Temple
  7375 | D:6      | Noticed Edmund
  7406 | D:6      | Killed Edmund
  7684 | D:6      | Reached XP level 9. HP: 45/45 MP: 19/23
  7810 | D:6      | Found an ornate altar of the Wu Jian Council.
  7872 | D:6      | Found Qitz's Self-Published Books.
  7887 | D:6      | Reached skill level 10 in Summonings
  8733 | D:6      | Bought the Spellbook of Basic Undead Handling for 280 gold
                  | pieces
  8763 | D:6      | Learned a level 4 spell: Animate Dead
  8783 | D:7      | Reached skill level 1 in Necromancy
  8975 | D:7      | Reached skill level 5 in Air Magic
  9273 | D:7      | Found a sacrificial altar of Ru.
  9399 | D:7      | Found a basalt altar of Yredelemnul.
  9399 | D:7      | Found a blossoming altar of Fedhas.
  9429 | D:8      | Noticed Gastronok
  9465 | D:8      | Killed Gastronok
  9466 | D:8      | Reached skill level 10 in Spellcasting
  9466 | D:8      | Reached skill level 5 in Necromancy
  9466 | D:8      | Reached XP level 10. HP: 19/50 MP: 23/26
  9581 | D:8      | Found a radiant altar of Vehumet.
  9600 | D:8      | Learned a level 4 spell: Dispel Undead
  9689 | D:8      | Found an opulent altar of Gozag.
  9689 | D:8      | Found a shadowy altar of Dithmenos.
  9690 | D:8      | Found a snail-covered altar of Cheibriados.
  9693 | D:8      | Found a broken altar of Ashenzari.
  9694 | D:8      | Found a white marble altar of Elyvilon.
  9725 | D:8      | Noticed Maggie
  9737 | D:8      | Killed Maggie
  9737 | D:8      | Killed by an exploding blazeheart core

Illustrated notes

Levels and vault maps discovered:
D:1:      minmay_arrival_loop, layout_rooms, serial_shops, shop_coins,
          minmay_misc_feat_five
D:2:      layout_basic, uniq_robin
D:3:      layout_basic, nicolae_qazlal_general_emergency, minmay_cut_off,
          uniq_natasha
D:4:      layout_layer_cave, serial_shops, shop, st_stairs_10
D:5:      layout_cave_pools, general_overflow_altar,
          mainiacjoe_overflow_concentric_impassable, temple_hall,
          serial_gnoll_camp, gnoll_camp_mini_sergeant, gnoll_camp_huts_moat,
          gnoll_camp_medium_01, gnoll_camp_mini_loothouse,
          ebering_ghost_sewer_f, minmay_shop_mass, uniq_duvessa
D:6:      layout_basic, pdpol_wu_jian_five_deadly_venoms,
          hangedman_decor_peaks_small, grunt_ministairs_6, nicolae_eternal_life,
          nicolae_custom_books, uniq_edmund
D:7:      layout_cave_pools, nicolae_ru_awakened_eye,
          gammafunk_temple_overflow_elements
D:8:      layout_loops_corners, nicolae_vehumet_altar_sigil,
          mainiacjoe_overflow_boulevard, nicolae_tso_carved_into_rock,
          grunt_temple_overflow_open, gammafunk_ghost_hydra_chop, serial_shops,
          nicolae_shop_back_alley_shop, kennysheep_generic_room_11, uniq_psyche,
          uniq_gastronok, uniq_maggie
Temple:   ebering_the_one_and_only

Skill      XL: |  1  2  3  4  5  6  7  8  9 10 |
---------------+-------------------------------+-----
Summonings     | 5 6 7 8 9 10 11 | 11.0
Dodging        | 3 |  3.0
Fire Magic     | 2 3 5 |  5.0
Spellcasting   | 4 6 8 10 11 | 11.1
Air Magic      | 3 5 |  5.0
Necromancy     | 5 |  5.0
Stealth        | |  2.4

Action                     |  1- 3 |  4- 6 |  7- 9 | 10-12 || total
---------------------------+-------+-------+-------+-------++-------
  Melee: Dagger            |     1 |       |       |       ||     1
         Whip              |     4 |     9 |       |       ||    13
         Trident           |       |       |    61 |     1 ||    62
         Punch             |       |       |     1 |       ||     1
   Cast: Summon Small Mamm |    46 |    33 |       |       ||    79
         Call Imp          |    16 |    33 |    13 |       ||    62
         Call Canine Famil |       |    33 |    44 |     1 ||    78
         Summon Blazeheart |       |       |    31 |     4 ||    35
         Summon Lightning  |       |       |     8 |     1 ||     9
    Use: Scroll            |       |     3 |     4 |       ||     7
         Potion            |       |       |       |     1 ||     1
   Stab: Sleeping          |     1 |       |     1 |       ||     2
         Distracted        |       |     1 |     1 |       ||     2
 Armour: Robe              |     9 |    25 |    98 |     7 ||   139
         Skin              |       |       |       |     1 ||     1
  Dodge: Dodged            |    10 |    27 |    78 |     7 ||   122
  Block: Other             |       |     5 |    28 |     6 ||    39
         Reflection        |       |     1 |     6 |       ||     7
